 Dungeon Sprint DCSS version 0.30-a0-808-g6e0788376e (webtiles) character file.

Game seed: 17881219362136185945

14 rocky1 the Gusty (level 2, 0/15 HPs)
             Began as a Tengu Air Elementalist on Feb 26, 2023.
             Was a Believer of Sif Muna.
             Killed from afar by a white imp (12 damage)
             ... with a puff of frost
             ... in the Dungeon (Sprint VII: "The Pits").
             The game lasted 00:01:23 (533 turns).

rocky1 the Gusty (Tengu Air Elementalist)            Turns: 533, Time: 00:01:24

Health: 0/15       AC:  2    Str:  8    XL:     2   Next: 41%
Magic:  1/6        EV: 12    Int: 15    God:    Sif Muna [**....]
Gold:   0          SH:  0    Dex: 14    Spells: 5/6 levels left

rFire   . . .      SeeInvis .    l - +2 falchion
rCold   . . .      Faith    .    (no shield)
rNeg    . . .      Spirit   .    a - +0 robe
rPois   .          Reflect  .    (helmet restricted)
rElec   .          Harm     .    (no cloak)
rCorr   .          Rampage  .    (no gloves)
Will    .....      NoTele   +    (boots unavailable)
Stlth   ++                       (no amulet)
HPRegen 0.22/turn                (no ring)
MPRegen 0.10/turn                (no ring)

@: no status effects
A: beak, talons 3
a: Renounce Religion, Channel Magic


You were in the Dungeon.
You worshipped Sif Muna.
Sif Muna was pleased with you.
You visited 1 branch

Inventory:

Hand Weapons
 k - a +2 dagger of venom
 l - a +2 falchion (weapon)
Armour
 a - a +0 robe (worn)
Scrolls
 g - a scroll of blinking
 i - 5 scrolls of amnesia
 j - a scroll of butterflies
Potions
 b - 5 potions of magic
 d - a potion of heal wounds
 e - a potion of haste
 f - 3 potions of berserk rage
 h - 2 potions of invisibility


   Skills:
 - Level 2.1 Dodging
 - Level 2.0 Stealth
 + Level 2.7 Spellcasting
 * Level 4.0 Conjurations
 * Level 5.6 Air Magic


You had 5 spell levels left.
You knew the following spells:

 Your Spells              Type           Power      Damage    Failure   Level
a - Shock                 Conj/Air       64%        1d7       2%          1

Your spell library contained the following spells:

 Spells                   Type           Power      Damage    Failure   Level
 Static Discharge         Conj/Air       32%        2-4/arc   4%          2
 Swiftness                Air            18%        N/A       6%          3
 Airstrike                Air            9%         2d(2-18)  21%         4


Dungeon Overview and Level Annotations

Branches:
Dungeon (1/1)

Altars:
Ashenzari
Cheibriados
Dithmenos
Elyvilon
Fedhas
Gozag
Hepliaklqana
Kikubaaqudgha
Makhleb
Nemelex Xobeh
Okawaru
Qazlal
Ru
Sif Muna
Trog
Uskayaw
Vehumet
Wu Jian
Xom
Yredelemnul
Zin
The Shining One
Jiyva
Lugonu


Innate Abilities, Weirdness & Mutations

You have a beak for a mouth.
You have claws for feet.


Message History

Aim: a quokka (moderately wounded, 60% to hit)
You miscast Shock.
You are very lightly contaminated with residual magic.
Nothing appears to happen.
The quokka barely misses you.
Aiming: Shock (safe; 2% risk of failure)
Press: ? - help, Q - select action, (/) - cycle Shift-Dir - straight line, f/p - quokka
Aim: a quokka (moderately wounded, 60% to hit)
The zap hits the quokka.
The quokka is almost dead.
The zap hits the white imp!
The white imp is heavily wounded.
The quokka barely misses you.
A hobgoblin comes into view.
You don't have enough magic to cast this spell.
You don't have enough magic to cast this spell.
You barely miss the quokka. Your kick misses the quokka.
The quokka is almost dead.
The quokka barely misses you. The quokka closely misses you.
Your +2 dagger of venom stops dripping with poison.
l - a +2 falchion (weapon)
Unknown command.
You closely miss the quokka.
The quokka is almost dead.
The quokka bites you. The quokka misses you.
You barely miss the quokka. Your kick misses the quokka.
Your peck misses the quokka.
The quokka is almost dead.
The quokka barely misses you.
You barely miss the quokka. Your kick misses the quokka.
The quokka is severely wounded.
The quokka misses you. The quokka completely misses you.
Your magical contamination has completely faded away.
You closely miss the quokka. You peck the quokka.
You kill the quokka!
Sif Muna accepts your kill. The white imp gestures at you.
The puff of frost hits you!
Ouch! That really hurt!
You die...

_______...#########
##########'##.......
#.?(.'.))'.##......#
##########.##.......
#...........'.......
#+#####รท#####......#
#...#.# #.......
#...#.# ####'###
#@..'.# #.......
##5#### #....... ....
#....... #.....#
#...<... #.......
#....... #........
#....... #########
#....... ########


You could see a white imp.

Vanquished Creatures
  An adder (D)
  A bat skeleton (D)
  A giant cockroach (D)
  A quokka (D)
  A ball python (D)
  A bat (D)
  A frilled lizard (D)
7 creatures vanquished.

Notes
Turn   | Place    | Note
-------+----------+-------------------------------------------
     0 | D        | rocky1 the Tengu Air Elementalist began the quest for the
                  | Orb.
     0 | D        | Reached XP level 1. HP: 10/10 MP: 4/4
    19 | D        | Found a bloodstained altar of Trog.
    19 | D        | Found a shimmering blue altar of Sif Muna.
    19 | D        | Found a viscous altar of Jiyva.
    19 | D        | Found a hazy altar of Hepliaklqana.
    19 | D        | Found an opulent altar of Gozag.
    20 | D        | Found a glowing golden altar of the Shining One.
    20 | D        | Found a glowing silver altar of Zin.
    20 | D        | Found a basalt altar of Yredelemnul.
    20 | D        | Found a shimmering altar of Xom.
    20 | D        | Found an ornate altar of the Wu Jian Council.
    20 | D        | Found a sacrificial altar of Ru.
    20 | D        | Found a stormy altar of Qazlal.
    20 | D        | Found an iron altar of Okawaru.
    20 | D        | Found a sparkling altar of Nemelex Xobeh.
    20 | D        | Found a burning altar of Makhleb.
    20 | D        | Found a blossoming altar of Fedhas.
    20 | D        | Found a white marble altar of Elyvilon.
    20 | D        | Found a shadowy altar of Dithmenos.
    20 | D        | Found a snail-covered altar of Cheibriados.
    23 | D        | Found a corrupted altar of Lugonu.
    23 | D        | Found a radiant altar of Vehumet.
    24 | D        | Found an ancient bone altar of Kikubaaqudgha.
    24 | D        | Found a hide-covered altar of Uskayaw.
    24 | D        | Found a broken altar of Ashenzari.
    25 | D        | Became a worshipper of Sif Muna the Loreminder
   268 | D        | Reached skill level 5 in Air Magic
   268 | D        | Reached XP level 2. HP: 15/15 MP: 1/6
   499 | D        | Reached * piety under Sif Muna
   533 | D        | Reached ** piety under Sif Muna
   533 | D        | Killed from afar by a white imp

Illustrated notes

Levels and vault maps discovered:
D:        pitsprint [storerooms_1, entrance_room_1, metal_vault_4, armoury_3,
          mini_pit_1, grid_room_1, main_hall_1, silver_pit, the_coven_3,
          the_vestibule_1, steel_vault_5, golden_pit, hallway_of_sentries,
          crystal_vault_4, iron_vault_2, final_vault]

Skill      XL: |  1  2 |
---------------+-------+-----
Conjurations   | 3 4 |  4.0
Air Magic      | 5 |  5.6
Dodging        | |  2.1
Stealth        | |  2.0
Spellcasting   | |  2.7

Action                     || total
---------------------------++-------
  Melee: Dagger            ||     3
         Peck              ||     3
         Falchion          ||     4
   Cast: Shock             ||    12
    Use: Potion            ||     1
 Armour: Robe              ||     3
  Dodge: Dodged            ||    17

Table legend: (Time is in decaauts)
 A = Elapsed time spent in this place.
 B = Non-inter-level travel time spent in this place.
 C = Inter-level travel time spent in this place.
 D = Time resting spent in this place.
 E = Time spent auto-exploring this place.
 F = Levels seen in this place.
 G = Mean time per level.
                   A        B        C        D        E       F      G
               +--------+--------+--------+--------+--------+-----+--------+
         Total |    532 |    532 |      0 |    443 |      0 |   1 |  532.0 |
       Dungeon |    532 |    532 |      0 |    443 |      0 |   1 |  532.0 |
               +--------+--------+--------+--------+--------+-----+--------+

Top non-repeatable levels by time:
       D: 532 daAuts
